| TOP OF THE 1ST |
|
Oklahoma City Dodgers batting - Pitching for Gwinnett Braves : RHP David Krampe
|
|
Pitching: RHP David Krampe
|
|
|
Batting: RHB Jonathan Rangel
|
0-0: Foul Ball, location: 2F 0-1: Ball 1-1: Foul Ball, location: 2F 1-2: Foul Ball, location: 2F 1-2: Strikes out swinging
|
|
Batting: LHB Tony Vitela
|
0-0: SINGLE (Groundball, 6MD, EV 100.6 MPH)
|
|
Batting: LHB Yasahiko Teshima
|
0-0: Ball Tony Vitela steals 2nd base 1-0: Ball 2-0: Ball 3-0: Called Strike 3-1: Called Strike 3-2: 2-RUN HOME RUN (Flyball, 89XD, EV 102.5 MPH), Distance : 397 ft
|
|
Batting: RHB Trevor Mock
|
0-0: Foul Ball, location: 2F 0-1: SINGLE (Line Drive, 34D, EV 99.4 MPH)
|
|
Pitching: LHP Pete McAllister
|
|
|
Batting: SHB Ken Welch
|
0-0: Called Strike 0-1: Called Strike 0-2: Ball 1-2: Strikes out swinging
|
|
Batting: RHB Jose Valtierra
|
0-0: Swinging Strike 0-1: Ball 1-1: Swinging Strike 1-2: Ball Trevor Mock is caught stealing 2nd base 2-4
|
| Top of the 1st over - 2 runs, 3 hits, 0 errors, 0 left on base; Oklahoma City 2 - Gwinnett 0 |
| BOTTOM OF THE 1ST |
|
Gwinnett Braves batting - Pitching for Oklahoma City Dodgers : LHP Gavin White
|
|
Pitching: LHP Gavin White
|
|
|
Batting: RHB Neal Tinoco
|
0-0: Fly out, F8 (Flyball, 8RM, EV 91.2 MPH)
|
|
Batting: LHB Robby Dann
|
0-0: Ball 1-0: Foul Ball, location: 2F 1-1: Foul Ball, location: 2F 1-2: SINGLE (Groundball, 56D, EV 103.1 MPH)
|
|
Batting: RHB Chris Sharpe
|
0-0: Called Strike 0-1: Ball Wild Pitch! Robby Dann to second 1-1: Ball 2-1: Ball 3-1: Fly out, F8 (Flyball, 8RXD, EV 93.1 MPH)
|
|
Batting: RHB Jake Lang
|
0-0: Ground out 6-3 (Groundball, 6, EV 108.8 MPH)
|
| Bottom of the 1st over - 0 runs, 1 hit, 0 errors, 1 left on base; Oklahoma City 2 - Gwinnett 0 |
| TOP OF THE 2ND |
|
Oklahoma City Dodgers batting - Pitching for Gwinnett Braves : LHP Pete McAllister
|
|
Batting: RHB Jose Valtierra
|
0-0: Foul Ball, location: 2F 0-1: Ball 1-1: Called Strike 1-2: Ground out 6-3 (Groundball, 6, EV 89.4 MPH)
|
|
Batting: RHB Jim Rogers
|
0-0: Ball 1-0: Ball 2-0: Called Strike 2-1: Swinging Strike 2-2: Ball 3-2: Foul Ball, location: 2F 3-2: Base on Balls
|
|
Batting: RHB Carlos Talavera
|
0-0: Ball 1-0: Ball 2-0: Called Strike 2-1: Ball 3-1: Swinging Strike 3-2: Fielders Choice at 2nd, 4-6 (Groundball, 34, EV 105.6 MPH)
|
|
Batting: RHB Mike Dodson
|
0-0: Called Strike 0-1: Reached on error, E6 (Groundball, 6, EV 85.0 MPH) Carlos Talavera to second
|
|
Batting: RHB Jonathan Rangel
|
0-0: Ball 1-0: Ball 2-0: Foul Ball, location: 2F 2-1: SINGLE (Groundball, 6MD, EV 96.9 MPH) Carlos Talavera to third Mike Dodson to second Runner from 3rd tries for Home, SAFE, throw by CF to home Mike Dodson to third Jonathan Rangel to second
|
|
Batting: LHB Tony Vitela
|
0-0: Called Strike 0-1: Foul Ball, location: 2F 0-2: Ball 1-2: Ball 2-2: Foul Ball, location: 2F 2-2: Foul Ball, location: 2F 2-2: Ball 3-2: Foul Ball, location: 2F 3-2: SINGLE (Groundball, 34D, EV 106.2 MPH) Mike Dodson scores Jonathan Rangel to third Runner from 3rd tries for Home, SAFE, throw by RF to home
|
|
Pitching: RHP Chris Thompson
|
|
|
Batting: LHB Yasahiko Teshima
|
0-0: Called Strike Tony Vitela is caught stealing 2nd base 2-6
|
| Top of the 2nd over - 3 runs, 2 hits, 1 error, 0 left on base; Oklahoma City 5 - Gwinnett 0 |
| BOTTOM OF THE 2ND |
|
Gwinnett Braves batting - Pitching for Oklahoma City Dodgers : LHP Gavin White
|
|
Batting: RHB Jesse Lester
|
0-0: Ball 1-0: Called Strike 1-1: SINGLE (Groundball, 34S, EV 74.4 MPH) (infield hit)
|
|
Batting: SHB Tim Rodgers
|
0-0: Ball 1-0: Ball 2-0: Ball 3-0: Swinging Strike 3-1: Foul Ball, location: 2F 3-2: Strikes out swinging
|
|
Batting: LHB Mark Buchholz
|
0-0: Called Strike Jesse Lester steals 2nd base 0-1: Called Strike 0-2: Foul Ball, location: 2F 0-2: Strikes out swinging, 2-3 out at first.
|
|
Batting: RHB Corey Dalton
|
0-0: Ground out 5-3 (Groundball, 56S, EV 70.0 MPH)
|
| Bottom of the 2nd over - 0 runs, 1 hit, 0 errors, 1 left on base; Oklahoma City 5 - Gwinnett 0 |
| TOP OF THE 3RD |
|
Oklahoma City Dodgers batting - Pitching for Gwinnett Braves : RHP Chris Thompson
|
|
Batting: LHB Yasahiko Teshima
|
0-0: Ball 1-0: Called Strike 1-1: Swinging Strike 1-2: Ball 2-2: Ground out 4-3 (Groundball, 34, EV 105.6 MPH)
|
|
Batting: RHB Trevor Mock
|
0-0: Foul Ball, location: 2F 0-1: Ground out 5-3 (Groundball, 56S, EV 81.2 MPH)
|
|
Batting: SHB Ken Welch
|
0-0: Foul Ball, location: 2F 0-1: Swinging Strike 0-2: Foul Ball, location: 2F 0-2: Ball 1-2: Ball 2-2: Ground out U3 (Groundball, 34S, EV 80.0 MPH)
|
| Top of the 3rd over - 0 runs, 0 hits, 0 errors, 0 left on base; Oklahoma City 5 - Gwinnett 0 |
| BOTTOM OF THE 3RD |
|
Gwinnett Braves batting - Pitching for Oklahoma City Dodgers : LHP Gavin White
|
|
Batting: RHB Johnny Burroughs
|
0-0: Ball 1-0: Foul Ball, location: 2F 1-1: Called Strike 1-2: Foul Ball, location: 2F 1-2: Foul Ball, location: 2F 1-2: Ball 2-2: Ball 3-2: Base on Balls
|
|
Batting: RHB Neal Tinoco
|
0-0: Ball 1-0: Ball 2-0: Called Strike 2-1: Ball 3-1: Swinging Strike 3-2: Strikes out looking
|
|
Batting: LHB Robby Dann
|
0-0: Ball 1-0: Called Strike 1-1: SINGLE (Groundball, 6D, EV 95.0 MPH) Johnny Burroughs to second
|
|
Batting: RHB Chris Sharpe
|
0-0: Ball 1-0: Called Strike 1-1: Foul Ball, location: 2F 1-2: Ball 2-2: Ball 3-2: Ground out 6-3 (Groundball, P, EV 88.8 MPH) Johnny Burroughs to third Robby Dann to second
|
|
Batting: RHB Jake Lang
|
0-0: Called Strike 0-1: Fly out, F8 (Line Drive, 8LD, EV 86.9 MPH)
|
| Bottom of the 3rd over - 0 runs, 1 hit, 0 errors, 2 left on base; Oklahoma City 5 - Gwinnett 0 |
| TOP OF THE 4TH |
|
Oklahoma City Dodgers batting - Pitching for Gwinnett Braves : RHP Chris Thompson
|
|
Batting: RHB Jose Valtierra
|
0-0: Ball 1-0: Ground out 5-3 (Groundball, 56S, EV 71.2 MPH)
|
|
Batting: RHB Jim Rogers
|
0-0: Foul Ball, location: 2F 0-1: Foul Ball, location: 2F 0-2: Strikes out swinging
|
|
Batting: RHB Carlos Talavera
|
0-0: Swinging Strike 0-1: Ball 1-1: Ball 2-1: Ball 3-1: Ground out 3-1 (Groundball, 34, EV 104.4 MPH)
|
| Top of the 4th over - 0 runs, 0 hits, 0 errors, 0 left on base; Oklahoma City 5 - Gwinnett 0 |
| BOTTOM OF THE 4TH |
|
Gwinnett Braves batting - Pitching for Oklahoma City Dodgers : LHP Gavin White
|
|
Batting: RHB Jesse Lester
|
0-0: Ball 1-0: Ball 2-0: Foul Ball, location: 2F 2-1: Ball 3-1: Called Strike 3-2: Foul Ball, location: 2F 3-2: Fly out, F9 (Flyball, 89S, EV 88.1 MPH)
|
|
Batting: SHB Tim Rodgers
|
0-0: Foul Ball, location: 2F 0-1: SINGLE (Flyball, 78S, EV 93.1 MPH)
|
|
Batting: LHB Mark Buchholz
|
0-0: Ball Tim Rodgers is caught stealing 2nd base 2-6 1-0: Swinging Strike 1-1: Foul Ball, location: 2F 1-2: Ball 2-2: Ball 3-2: Foul Ball, location: 2F 3-2: Strikes out swinging
|
| Bottom of the 4th over - 0 runs, 1 hit, 0 errors, 0 left on base; Oklahoma City 5 - Gwinnett 0 |
| TOP OF THE 5TH |
|
Oklahoma City Dodgers batting - Pitching for Gwinnett Braves : RHP Chris Thompson
|
|
Batting: RHB Mike Dodson
|
0-0: Called Strike 0-1: Foul Ball, location: 2F 0-2: Ball 1-2: Ball 2-2: Foul Ball, location: 2F 2-2: Foul Ball, location: 2F 2-2: Foul Ball, location: 2F 2-2: Ball 3-2: Foul Ball, location: 2F 3-2: DOUBLE (Groundball, 5L, EV 105.6 MPH)
|
|
Batting: RHB Jonathan Rangel
|
0-0: Called Strike 0-1: SINGLE (Groundball, 56D, EV 97.5 MPH) Mike Dodson to third Runner from 3rd tries for Home, SAFE, throw by LF to home Jonathan Rangel to second
|
|
Batting: LHB Tony Vitela
|
0-0: Swinging Strike 0-1: Fly out, F4 (Popup, 23, EV 90.0 MPH)
|
|
Batting: LHB Yasahiko Teshima
|
0-0: Ball 1-0: SINGLE (Groundball, 4MD, EV 103.8 MPH) Jonathan Rangel to third Runner from 3rd tries for Home, SAFE, throw by CF to home
|
|
Batting: RHB Trevor Mock
|
0-0: Ball 1-0: Ball 2-0: Called Strike 2-1: Swinging Strike 2-2: Fielders Choice at 2nd, 6-4 (Groundball, 6, EV 103.8 MPH)
|
|
Batting: SHB Ken Welch
|
0-0: Fielders Choice at 2nd, 5-6 (Groundball, 6, EV 86.2 MPH)
|
| Top of the 5th over - 2 runs, 3 hits, 0 errors, 1 left on base; Oklahoma City 7 - Gwinnett 0 |
| BOTTOM OF THE 5TH |
|
Gwinnett Braves batting - Pitching for Oklahoma City Dodgers : LHP Gavin White
|
|
Batting: RHB Corey Dalton
|
0-0: Ball 1-0: Ball 2-0: Foul Ball, location: 2F 2-1: Swinging Strike 2-2: SOLO HOME RUN (Flyball, 7LD, EV 96.2 MPH), Distance : 341 ft
|
|
Batting: RHB Johnny Burroughs
|
0-0: Swinging Strike 0-1: Swinging Strike 0-2: Strikes out looking
|
|
Batting: RHB Neal Tinoco
|
0-0: Called Strike 0-1: Called Strike 0-2: Ball 1-2: Ball 2-2: Strikes out swinging
|
|
Batting: LHB Robby Dann
|
0-0: Foul Ball, location: 2F 0-1: Ball 1-1: Foul Ball, location: 2F 1-2: Foul Ball, location: 2F 1-2: Fly out, F8 (Flyball, 8LD, EV 100.0 MPH)
|
| Bottom of the 5th over - 1 run, 1 hit, 0 errors, 0 left on base; Oklahoma City 7 - Gwinnett 1 |
| TOP OF THE 6TH |
|
Oklahoma City Dodgers batting - Pitching for Gwinnett Braves : RHP Chris Thompson
|
|
Pitching: RHP Scott Bentley
|
|
|
Batting: RHB Jose Valtierra
|
0-0: Foul Ball, location: 2F 0-1: Ball 1-1: Ball 2-1: Ball 3-1: Swinging Strike 3-2: SINGLE (Line Drive, 56D, EV 98.1 MPH)
|
|
Batting: RHB Jim Rogers
|
0-0: Called Strike 0-1: Foul Ball, location: 2F 0-2: Ball 1-2: Strikes out looking
|
|
Batting: RHB Carlos Talavera
|
0-0: Ball 1-0: Called Strike 1-1: Called Strike 1-2: Fielders Choice at 2nd, 6-4 (Groundball, 6, EV 105.6 MPH)
|
|
Batting: RHB Mike Dodson
|
0-0: Ball 1-0: Ball 2-0: Ball 3-0: Called Strike 3-1: Base on Balls Carlos Talavera to second
|
|
Batting: RHB Jonathan Rangel
|
0-0: Called Strike 0-1: Ball 1-1: Ground out 2-3 (Groundball, 2L, EV 62.5 MPH)
|
| Top of the 6th over - 0 runs, 1 hit, 0 errors, 2 left on base; Oklahoma City 7 - Gwinnett 1 |
| BOTTOM OF THE 6TH |
|
Gwinnett Braves batting - Pitching for Oklahoma City Dodgers : LHP Gavin White
|
|
Batting: RHB Chris Sharpe
|
0-0: Called Strike 0-1: Called Strike 0-2: Ball 1-2: Strikes out swinging
|
|
Pitching: RHP Seved Landgre
|
|
|
Batting: RHB Jake Lang
|
0-0: Ground out 6-3 (Groundball, 56, EV 101.9 MPH)
|
|
Batting: RHB Jesse Lester
|
0-0: Called Strike 0-1: Ball 1-1: Called Strike 1-2: Foul Ball, location: 2F 1-2: Ball 2-2: Ground out 5-3 (Groundball, 56, EV 76.9 MPH)
|
| Bottom of the 6th over - 0 runs, 0 hits, 0 errors, 0 left on base; Oklahoma City 7 - Gwinnett 1 |
| TOP OF THE 7TH |
|
Oklahoma City Dodgers batting - Pitching for Gwinnett Braves : RHP Scott Bentley
|
|
Batting: LHB Tony Vitela
|
0-0: Ground out 5-3 (Groundball, 5, EV 99.4 MPH)
|
|
Batting: LHB Yasahiko Teshima
|
0-0: Ball 1-0: Ball 2-0: DOUBLE (Flyball, 78XD, EV 104.4 MPH)
|
|
Batting: RHB Trevor Mock
|
0-0: Ball 1-0: Ball 2-0: Ball 3-0: Called Strike 3-1: Base on Balls
|
|
Batting: SHB Ken Welch
|
0-0: Swinging Strike 0-1: Ball 1-1: Foul Ball, location: 2F 1-2: Ball 2-2: Ball 3-2: SINGLE (Groundball, 4, EV 97.5 MPH) Yasahiko Teshima to third Trevor Mock to second Runner from 3rd tries for Home, SAFE, throw by CF to home
|
|
Pitching: RHP Pat St. John
|
|
|
Batting: RHB Jose Valtierra
|
0-0: Called Strike Trevor Mock steals 3rd base 0-1: Ball 1-1: Foul Ball, location: 2F 1-2: Foul Ball, location: 2F 1-2: Foul Ball, location: 2F 1-2: Strikes out looking
|
|
Batting: RHB Jim Rogers
|
0-0: Ball 1-0: Ball 2-0: Called Strike 2-1: Foul Ball, location: 2F 2-2: Strikes out swinging
|
| Top of the 7th over - 1 run, 2 hits, 0 errors, 2 left on base; Oklahoma City 8 - Gwinnett 1 |
| BOTTOM OF THE 7TH |
|
Gwinnett Braves batting - Pitching for Oklahoma City Dodgers : RHP Seved Landgre
|
|
Batting: SHB Tim Rodgers
|
0-0: Called Strike 0-1: Ground out 4-3 (Groundball, 4, EV 89.4 MPH)
|
|
Batting: LHB Mark Buchholz
|
0-0: Ball 1-0: Called Strike 1-1: Foul Ball, location: 2F 1-2: Ball 2-2: Foul Ball, location: 2F 2-2: Ground out 6-3 (Groundball, 6S, EV 79.4 MPH)
|
|
Batting: RHB Corey Dalton
|
0-0: Swinging Strike 0-1: Ball 1-1: Foul Ball, location: 2F 1-2: Strikes out swinging
|
| Bottom of the 7th over - 0 runs, 0 hits, 0 errors, 0 left on base; Oklahoma City 8 - Gwinnett 1 |
| TOP OF THE 8TH |
|
Oklahoma City Dodgers batting - Pitching for Gwinnett Braves : RHP Pat St. John
|
|
Batting: RHB Carlos Talavera
|
0-0: Ball 1-0: Swinging Strike 1-1: Foul Ball, location: 2F 1-2: Foul Ball, location: 2F 1-2: Ground out 5-3 (Groundball, 56S, EV 90.0 MPH)
|
|
Batting: RHB Mike Dodson
|
0-0: Reached on error, E4 (Groundball, 4S, EV 91.2 MPH)
|
|
Pinch Hitting: RHB Justin Anastasio
|
0-0: Foul Ball, location: 2F 0-1: Fly out, F3 (Popup, 3F, EV 62.5 MPH)
|
|
Batting: LHB Tony Vitela
|
0-0: Ball 1-0: Foul Ball, location: 2F 1-1: Foul Ball, location: 2F 1-2: Ball 2-2: Ball 3-2: Strikes out swinging
|
| Top of the 8th over - 0 runs, 0 hits, 1 error, 1 left on base; Oklahoma City 8 - Gwinnett 1 |
| BOTTOM OF THE 8TH |
|
Gwinnett Braves batting - Pitching for Oklahoma City Dodgers : RHP Seved Landgre
|
|
Now in LF: Justin Anastasio
|
|
|
Batting: RHB Johnny Burroughs
|
0-0: Ball 1-0: Ball 2-0: Ball 3-0: Base on Balls
|
|
Batting: RHB Neal Tinoco
|
0-0: Called Strike 0-1: Swinging Strike 0-2: Foul Ball, location: 2F 0-2: Grounds into double play, 5-4-3 (Groundball, 5, EV 105.0 MPH)
|
|
Batting: LHB Robby Dann
|
0-0: Ball 1-0: Ball 2-0: Foul Ball, location: 2F 2-1: Ground out 1-3 (Groundball, 34S, EV 70.0 MPH)
|
| Bottom of the 8th over - 0 runs, 0 hits, 0 errors, 0 left on base; Oklahoma City 8 - Gwinnett 1 |
| TOP OF THE 9TH |
|
Oklahoma City Dodgers batting - Pitching for Gwinnett Braves : RHP Pat St. John
|
|
Batting: LHB Yasahiko Teshima
|
0-0: Swinging Strike 0-1: Called Strike 0-2: Foul Ball, location: 2F 0-2: Fly out, F7 (Flyball, 7S, EV 76.9 MPH)
|
|
Pitching: RHP Steve Dripps
|
|
|
Batting: RHB Trevor Mock
|
0-0: Called Strike 0-1: Ball 1-1: Ball 2-1: Ground out 4-3 (Groundball, 4, EV 86.2 MPH)
|
|
Batting: SHB Ken Welch
|
0-0: Ball 1-0: Ball 2-0: Called Strike 2-1: SOLO HOME RUN (Flyball, 9D, EV 98.8 MPH), Distance : 369 ft
|
|
Batting: RHB Jose Valtierra
|
0-0: Foul Ball, location: 2F 0-1: Ball 1-1: Called Strike 1-2: Ball 2-2: Strikes out looking
|
| Top of the 9th over - 1 run, 1 hit, 0 errors, 0 left on base; Oklahoma City 9 - Gwinnett 1 |
| BOTTOM OF THE 9TH |
|
Gwinnett Braves batting - Pitching for Oklahoma City Dodgers : RHP Seved Landgre
|
|
Batting: RHB Chris Sharpe
|
0-0: Swinging Strike 0-1: Ground out 6-3 (Groundball, 6M, EV 102.5 MPH)
|
|
Batting: RHB Jake Lang
|
0-0: Called Strike 0-1: Ball 1-1: Ball 2-1: Ball 3-1: Base on Balls
|
|
Pitching: RHP Santiago Montero
|
|
|
Batting: RHB Jesse Lester
|
0-0: Foul Ball, location: 2F 0-1: Foul Ball, location: 2F 0-2: Ball 1-2: Ground out 6-3 (Groundball, 6S, EV 71.2 MPH) Jake Lang to second
|
|
Batting: SHB Tim Rodgers
|
0-0: Ball 1-0: Ball 2-0: Called Strike 2-1: Ball 3-1: Swinging Strike 3-2: Base on Balls
|
|
Batting: LHB Mark Buchholz
|
0-0: Ball 1-0: Called Strike 1-1: Foul Ball, location: 2F 1-2: Ball 2-2: SINGLE (Line Drive, 7LS, EV 108.1 MPH) Jake Lang to third Tim Rodgers to second
|
|
Batting: RHB Corey Dalton
|
0-0: Ball 1-0: Ball 2-0: Swinging Strike 2-1: Swinging Strike 2-2: Ball 3-2: SINGLE (Groundball, 34S, EV 71.9 MPH) (infield hit) Jake Lang scores Tim Rodgers to third Mark Buchholz to second
|
|
Pinch Hitting: SHB Eric Reeser
|
0-0: Ball 1-0: Foul Ball, location: 2F 1-1: Ball 2-1: Foul Ball, location: 2F 2-2: Strikes out swinging
|
| Bottom of the 9th over - 1 run, 2 hits, 0 errors, 3 left on base; Oklahoma City 9 - Gwinnett 2 |
|